[ PARTIDA AOE2 · #486369659 ]
UnrankedBúlgaros vs Chinese
Equipo del jugador · VICT
Equipo rival · DERR
[ ANÁLISIS DE REPETICIÓN · EXTRAÍDO DE LA PARTIDA GRABADA ]
Feudal
10:37
Castillos
—
Imperial
—
| APM promedio | 18.8 |
| APM pico | 74 |
| eAPM promedio | 9.8 |
| Aldeanos / militares | 27 / 18 |
Foco
⚔️ 26.9% · 🌾 73.1%
Militia ×15 · Spearman ×3
Feudal
11:14
Castillos
—
Imperial
—
| APM promedio | 36.7 |
| APM pico | 74 |
| eAPM promedio | 18.5 |
| Aldeanos / militares | 34 / 11 |
Foco
⚔️ 58.8% · 🌾 41.2%
Archer ×6 · Militia ×5
Mapa de la partida
Recursos iniciales + cada clic de construcción. Líneas = muros · curvas = relieve. ◆ oro · ⬟ piedra · ● bayas · ✦ reliquia · ◌ hueco del cierre
Tu base· Abierta — flanco sin cerrar
Base de Cassadiego· Abierta — flanco sin cerrar
Terreno inicial suavizado · ◌ = hueco del cierre detectado · pasá el cursor para detalles
Inputs por minuto
— Alex - - Cassadiego
Build order — Alex
81 acciones detectadas en el replay
| 0:02 | Crear | Villager (Male) |
| 0:02 | Crear | Villager (Male) |
| 0:02 | Crear | Villager (Male) |
| 0:03 | Crear | Villager (Male) |
| 0:03 | Crear | Villager (Male) |
| 0:06 | Construir | House |
| 0:08 | Construir | House |
| 1:28 | Crear | Villager (Male) |
| 2:04 | Crear | Villager (Male) |
| 2:16 | Investigar | Loom |
| 2:40 | Crear | Villager (Male) |
| 2:52 | Construir | House |
| 2:58 | Construir | Lumber Camp |
| 3:06 | Crear | Villager (Male) |
| 3:36 | Crear | Villager (Male) |
| 3:55 | Crear | Villager (Male) |
| 4:36 | Crear | Villager (Male) |
| 4:51 | Construir | Mill |
| 4:54 | Crear | Villager (Male) |
| 5:08 | Crear | Villager (Male) |
| 5:30 | Crear | Villager (Male) |
| 5:38 | Construir | House |
| 6:08 | Crear | Villager (Male) |
| 6:09 | Crear | Villager (Male) |
| 6:10 | Crear | Villager (Male) |
| 6:43 | Crear | Villager (Male) |
| 7:43 | Construir | Barracks |
| 7:49 | Crear | Villager (Male) |
| 8:27 | Investigar | Feudal Age |
| 9:00 | Crear | Villager (Male) |
| 9:13 | Crear | Villager (Male) |
| 9:20 | Construir | Mining Camp |
| 9:36 | Crear | Militia |
| 9:38 | Crear | Militia |
| 10:19 | Crear | Militia |
| 10:20 | Crear | Militia |
| 10:34 | Construir | House |
| 10:35 | Construir | House |
| 10:37 | Edad | Edad Feudal |
| 10:59 | Investigar | Arson |
| 11:34 | Construir | Farm |
| 11:34 | Construir | Farm |
| 11:35 | Construir | Farm |
| 11:35 | Construir | Farm |
| 11:36 | Construir | Farm |
| 11:56 | Crear | Villager (Male) |
| 12:22 | Construir | Farm |
| 12:22 | Construir | Farm |
| 12:23 | Construir | Farm |
| 12:24 | Construir | Farm |
| 12:43 | Crear | Militia |
| 13:09 | Crear | Militia |
| 13:29 | Crear | Militia |
| 13:30 | Crear | Spearman |
| 13:47 | Crear | Militia |
| 13:53 | Construir | Farm |
| 13:58 | Crear | Militia |
| 14:02 | Crear | Villager (Male) |
| 14:08 | Construir | House |
| 14:10 | Construir | House |
| 14:12 | Construir | House |
| 14:14 | Construir | House |
| 14:18 | Construir | Blacksmith |
| 14:22 | Crear | Villager (Male) |
| 14:43 | Crear | Militia |
| 15:22 | Crear | Villager (Male) |
| 15:24 | Crear | Militia |
| 15:34 | Crear | Militia |
| 15:50 | Crear | Militia |
| 15:51 | Crear | Spearman |
| 16:09 | Construir | Farm |
| 16:10 | Construir | Farm |
| 16:10 | Construir | Farm |
| 16:11 | Construir | Farm |
| 16:12 | Construir | Farm |
| 16:18 | Crear | Villager (Male) |
| 16:57 | Crear | Militia |
| 17:00 | Investigar | Scale Mail Armor |
| 17:03 | Investigar | Forging |
| 17:09 | Crear | Spearman |
| 17:21 | Crear | Militia |
Build order — Cassadiego
69 acciones detectadas en el replay
| 0:04 | Investigar | Loom |
| 0:04 | Investigar | Loom |
| 1:03 | Crear | Villager (Male) |
| 1:03 | Crear | Villager (Male) |
| 2:25 | Crear | Villager (Male) |
| 2:25 | Crear | Villager (Male) |
| 2:50 | Construir | Barracks |
| 2:53 | Crear | Villager (Male) |
| 2:53 | Crear | Villager (Male) |
| 3:04 | Crear | Villager (Male) |
| 3:05 | Crear | Villager (Male) |
| 3:27 | Crear | Villager (Male) |
| 3:27 | Crear | Villager (Male) |
| 3:37 | Construir | House |
| 3:41 | Crear | Villager (Male) |
| 3:42 | Crear | Villager (Male) |
| 4:06 | Crear | Villager (Male) |
| 4:06 | Crear | Villager (Male) |
| 5:02 | Crear | Villager (Male) |
| 5:02 | Crear | Villager (Male) |
| 5:03 | Crear | Villager (Male) |
| 5:06 | Crear | Villager (Male) |
| 5:06 | Crear | Villager (Male) |
| 5:18 | Crear | Villager (Male) |
| 6:02 | Crear | Militia |
| 6:03 | Crear | Militia |
| 6:11 | Construir | House |
| 6:18 | Crear | Villager (Male) |
| 8:43 | Construir | Mill |
| 9:04 | Investigar | Feudal Age |
| 9:11 | Crear | Militia |
| 9:11 | Crear | Militia |
| 9:11 | Crear | Militia |
| 9:21 | Construir | Farm |
| 9:55 | Construir | Farm |
| 11:14 | Edad | Edad Feudal |
| 12:19 | Crear | Villager (Male) |
| 12:20 | Crear | Villager (Male) |
| 12:20 | Crear | Villager (Male) |
| 12:35 | Crear | Villager (Male) |
| 12:45 | Construir | House |
| 13:31 | Construir | Lumber Camp |
| 13:54 | Construir | House |
| 13:58 | Construir | Watch Tower |
| 14:10 | Crear | Villager (Male) |
| 14:10 | Crear | Villager (Male) |
| 14:10 | Crear | Villager (Male) |
| 14:11 | Crear | Villager (Male) |
| 14:11 | Crear | Villager (Male) |
| 14:11 | Crear | Villager (Male) |
| 14:18 | Construir | House |
| 14:51 | Construir | Archery Range |
| 15:30 | Construir | House |
| 15:36 | Construir | Palisade Wall |
| 15:42 | Construir | Palisade Wall |
| 15:53 | Crear | Archer |
| 15:54 | Crear | Archer |
| 15:54 | Crear | Archer |
| 15:54 | Crear | Archer |
| 16:06 | Construir | Palisade Wall |
| 16:30 | Construir | Mining Camp |
| 16:41 | Construir | Farm |
| 16:50 | Construir | House |
| 17:06 | Crear | Archer |
| 17:06 | Crear | Archer |
| 17:07 | Crear | Villager (Male) |
| 17:08 | Crear | Villager (Male) |
| 17:08 | Crear | Villager (Male) |
| 17:19 | Construir | Stone Wall |
Cronología de la partida
| 2:50 | Cassadiego · first_building Barracks |
| 7:43 | Alex · first_building Barracks |
| 10:37 | Alex · age_up feudal |
| 11:14 | Cassadiego · age_up feudal |
| 14:51 | Cassadiego · first_building Archery Range |
| 15:36 | Cassadiego · wall_segment Palisade Wall x6 |
| 15:42 | Cassadiego · wall_segment Palisade Wall x6 |
| 16:06 | Cassadiego · wall_segment Palisade Wall x8 |
| 17:19 | Cassadiego · wall_segment Stone Wall x6 |
| 17:48 | Cassadiego · resign |
[ ANÁLISIS IA · 1 CRÉDITO ]
¿Qué pasó realmente en esta partida?
Wolo.gg analiza cada decisión: build order, eco, micro, errores típicos por bracket. Análisis personalizado por WhatsApp o Discord en 30 segundos.
Guía civ
Búlgaros
Perfil
Jugador #776924